[Event "DEN-chT XtraCon 2018-19"]
[Site "Denmark"]
[Date "2019.01.13"]
[Round "6"]
[White "Boe, Mads"]
[Black "Jakobsen, Peter"]
[Result "1-0"]
[ECO "A45"]
[WhiteElo "2302"]
[BlackElo "2181"]
[Annotator "NA"]
[PlyCount "113"]
[EventDate "2018.10.27"]
[EventType "team-tourn"]
[EventCountry "DEN"]
[SourceTitle "playchess.com"]
[Source "ChessBase"]
[SourceQuality "1"]
[TimeControl "40/5400+30:1800+30"]

1. d4 Nf6 2. Bg5 Ne4 3. Bf4 c5 4. f3 Qa5+ 5. c3 Nf6 6. Nd2 cxd4 7. Nb3 Qb6 8. Qxd4 Qxd4 9. cxd4 d5 10. e3 e6 11. Rc1 Nc6 12. g4 Bd7 13. Ne2 Be7 14. Nc5 Bxc5 15. Rxc5 Ke7 16. Rc1 Rac8 17. Nc3 a6 18. Kd2 Na7 19. Bd3 Bc6 20. b3 h5 21. h3 Nd7 22. Rcg1 Rcg8 23. g5 g6 24. Rc1 Rc8 25. Rhe1 Rhd8 26. Rc2 b5 27. Rec1 Bb7 28. a4 b4 29. Na2 Nc6 30. Bxa6 Nxd4 31. exd4 Bxa6 32. Nxb4 Bb7 33. Rc7 Rxc7 34. Rxc7 Ba8 35. Nd3 Ke8 36. a5 Nb8 37. Nb4 Nd7 38. Kc3 e5 39. Be3 Nf8 40. Ra7 Ne6 41. Kd3 exd4 42. Bxd4 Nf4+ 43. Ke3 Ng2+ 44. Kd2 Nh4 45. f4 Nf5 46. Kd3 Rb8 47. Be5 Rc8 48. Bd4 Rb8 49. Bb6 Kf8 50. Bc5+ Kg8 51. Na6 Rc8 52. Rc7 Re8 53. Bd4 Nd6 54. Rd7 Nb5 55. Nc7 Nxc7 56. Rxc7 Rb8 57. b4 1-0

[Event "DEN-chT XtraCon 2018-19"]
[Site "Denmark"]
[Date "2019.01.13"]
[Round "6"]
[White "Bank, Pelle"]
[Black "Wiwe, Andreas"]
[Result "1/2-1/2"]
[ECO "A27"]
[WhiteElo "2300"]
[BlackElo "2304"]
[Annotator "NA"]
[PlyCount "110"]
[EventDate "2018.10.27"]
[EventType "team-tourn"]
[EventCountry "DEN"]
[SourceTitle "playchess.com"]
[Source "ChessBase"]
[SourceQuality "1"]
[TimeControl "40/5400+30:1800+30"]

1. c4 e5 2. Nc3 Nc6 3. Nf3 f5 4. d4 e4 5. Nd2 Nf6 6. e3 g6 7. Be2 Bg7 8. O-O O-O 9. Rb1 Qe7 10. Qa4 d6 11. b4 Bd7 12. b5 Nd8 13. Qb4 Nf7 14. a4 f4 15. exf4 e3 16. Nf3 exf2+ 17. Rxf2 Bf5 18. Rb3 Rae8 19. h3 Ne4 20. Nxe4 Bxe4 21. Qd2 Qf6 22. Bb2 Bh6 23. Nh2 d5 24. Ng4 Qe6 25. Ba3 Bg7 26. Bxf8 Rxf8 27. c5 h5 28. Ne5 Nh6 29. Rg3 Rf6 30. c6 b6 31. a5 Nf5 32. Ra3 Bf8 33. Ra4 Bd6 34. axb6 axb6 35. Kh2 Rf8 36. Bf3 h4 37. Bg4 Kg7 38. Qa2 Qe8 39. Bxf5 gxf5 40. Qa1 Kh6 41. Rfa2 Rg8 42. Qe1 Rg3 43. Qf1 Qg8 44. Qf2 Bxe5 45. fxe5 Qg5 46. Ra8 Rxg2+ 47. Qxg2 Qf4+ 48. Kg1 Bxg2 49. Rxg2 Qxd4+ 50. Kh1 Qxe5 51. Rag8 d4 52. R8g6+ Kh7 53. R6g5 Kh6 54. Rg6+ Kh7 55. R6g5 Kh6 1/2-1/2

[Event "DEN-chT XtraCon 2018-19"]
[Site "Denmark"]
[Date "2019.01.13"]
[Round "6"]
[White "Greger, Roland Reinhard"]
[Black "Nielsen, Thomas Bach"]
[Result "1/2-1/2"]
[ECO "B12"]
[WhiteElo "2296"]
[BlackElo "2132"]
[Annotator "NA"]
[PlyCount "67"]
[EventDate "2018.10.27"]
[EventType "team-tourn"]
[EventCountry "DEN"]
[SourceTitle "playchess.com"]
[Source "ChessBase"]
[SourceQuality "1"]
[TimeControl "40/5400+30:1800+30"]

1. e4 c6 2. d4 d5 3. e5 Bf5 4. Nc3 e6 5. g4 Bg6 6. Nge2 c5 7. h4 h5 8. Nf4 Bh7 9. Nxh5 cxd4 10. Qxd4 Nc6 11. Bb5 Nge7 12. Bh6 a6 13. Bxc6+ Nxc6 14. Qf4 Rg8 15. O-O-O Qa5 16. Rh3 d4 17. Ne4 Bxe4 18. Qxe4 O-O-O 19. Bg5 Qxa2 20. Rb3 Bb4 21. Rxb4 Nxb4 22. Bxd8 Rxd8 23. Rxd4 Qa1+ 24. Kd2 Qxb2 25. Rxd8+ Kxd8 26. Nf4 a5 27. g5 g6 28. h5 gxh5 29. g6 fxg6 30. Nxe6+ Ke7 31. Nf4 Nc6 32. Nxg6+ Ke8 33. Qf5 Qd4+ 34. Kc1 1/2-1/2

[Event "DEN-chT XtraCon 2018-19"]
[Site "Denmark"]
[Date "2019.01.13"]
[Round "6"]
[White "Christensen, Stefan"]
[Black "Lauridsen, Jesper Morch"]
[Result "1/2-1/2"]
[ECO "B30"]
[WhiteElo "2259"]
[BlackElo "2229"]
[Annotator "NA"]
[PlyCount "112"]
[EventDate "2018.10.27"]
[EventType "team-tourn"]
[EventCountry "DEN"]
[SourceTitle "playchess.com"]
[Source "ChessBase"]
[SourceQuality "1"]
[TimeControl "40/5400+30:1800+30"]

1. e4 c5 2. Nf3 Nc6 3. Bb5 d6 4. O-O Bd7 5. Re1 Nf6 6. c3 a6 7. Ba4 b5 8. Bc2 Bg4 9. h3 Bxf3 10. Qxf3 g6 11. a4 Rb8 12. axb5 axb5 13. Na3 Nd7 14. Qe2 Qb6 15. d3 Bg7 16. Be3 O-O 17. Qd2 b4 18. Nc4 Qc7 19. Bh6 bxc3 20. bxc3 Nce5 21. Bxg7 Kxg7 22. Ne3 Nf6 23. f4 Ned7 24. Nc4 d5 25. exd5 Nxd5 26. f5 gxf5 27. Qg5+ Kh8 28. Qxf5 e6 29. Qh5 Rg8 30. Qf3 Rg7 31. Re4 N7f6 32. Re5 Rbg8 33. Rf1 Rg3 34. Qf2 Nd7 35. d4 Rxg2+ 36. Qxg2 Rxg2+ 37. Kxg2 Nxe5 38. dxe5 Qe7 39. Rf3 Qg5+ 40. Rg3 Qf4 41. Bd3 f6 42. Rf3 Qg5+ 43. Rg3 Qh5 44. exf6 Nf4+ 45. Kf2 Nxd3+ 46. Rxd3 Qh4+ 47. Kg2 Qe4+ 48. Rf3 Qxc4 49. f7 Qe2+ 50. Kg3 Qxf3+ 51. Kxf3 Kg7 52. Kf4 Kxf7 53. Ke5 Ke7 54. h4 h5 55. c4 Kd7 56. Ke4 Ke7 1/2-1/2

[Event "DEN-chT XtraCon 2018-19"]
[Site "Denmark"]
[Date "2019.01.13"]
[Round "6"]
[White "Nielsen, Lars Aaes"]
[Black "Hansen, Mads"]
[Result "0-1"]
[ECO "B22"]
[WhiteElo "2259"]
[BlackElo "2403"]
[Annotator "NA"]
[PlyCount "96"]
[EventDate "2018.10.27"]
[EventType "team-tourn"]
[EventCountry "DEN"]
[SourceTitle "playchess.com"]
[Source "ChessBase"]
[SourceQuality "1"]
[TimeControl "40/5400+30:1800+30"]

1. e4 c5 2. c3 Nf6 3. e5 Nd5 4. d4 cxd4 5. cxd4 d6 6. Nf3 Nc6 7. Bc4 dxe5 8. dxe5 Ndb4 9. Qxd8+ Nxd8 10. Na3 a6 11. Bd2 e6 12. O-O Ndc6 13. Rfd1 Be7 14. Bc3 b5 15. Bb3 Na5 16. Bc2 Bb7 17. Nd2 Nxc2 18. Nxc2 Nc6 19. a3 Rc8 20. Rac1 O-O 21. Nb3 Rfd8 22. Rxd8+ Rxd8 23. Nb4 Bg5 24. Re1 Nb8 25. f3 Kf8 26. Kf2 Ke8 27. Ke2 Rc8 28. g3 Bd8 29. Nd3 Bd5 30. Nd2 a5 31. Ne4 Bxe4 32. fxe4 Bb6 33. Rd1 Rc4 34. Kf3 Nc6 35. h4 b4 36. axb4 axb4 37. Be1 Rd4 38. Bf2 Rxd3+ 39. Rxd3 Nxe5+ 40. Ke2 Nxd3 41. Bxb6 Nxb2 42. Bd4 Na4 43. Bxg7 b3 44. Kd3 Kd7 45. g4 Kc6 46. h5 Kb5 47. Ke3 Kc4 48. Ba1 e5 {[%emt 0:00:00] Kd4+} 0-1

[Event "DEN-chT XtraCon 2018-19"]
[Site "Denmark"]
[Date "2019.01.13"]
[Round "6"]
[White "Lindfeldt, Jan Magnus"]
[Black "Thogersen, Rasmus"]
[Result "1-0"]
[ECO "B50"]
[WhiteElo "2255"]
[BlackElo "2304"]
[Annotator "NA"]
[PlyCount "47"]
[EventDate "2018.10.27"]
[EventType "team-tourn"]
[EventCountry "DEN"]
[SourceTitle "playchess.com"]
[Source "ChessBase"]
[SourceQuality "1"]
[TimeControl "40/5400+30:1800+30"]

1. e4 c5 2. Nf3 d6 3. h3 g6 4. c3 Nf6 5. Bd3 Bg7 6. O-O O-O 7. Bc2 e5 8. d4 exd4 9. cxd4 cxd4 10. Nxd4 Re8 11. Nc3 d5 12. Bg5 dxe4 13. Nxe4 Qb6 14. Nxf6+ Bxf6 15. Bxf6 Qxf6 16. Bb3 Na6 17. Rc1 Re4 18. Qf3 Rf4 19. Qe3 Bd7 20. Ne2 Rh4 21. Rfd1 Bc6 22. Nd4 Re8 23. Rxc6 Qxc6 24. Bxf7+ 1-0

[Event "DEN-chT XtraCon 2018-19"]
[Site "Denmark"]
[Date "2019.01.13"]
[Round "6"]
[White "Sobjerg, Erik"]
[Black "Erlandsen, Carsten"]
[Result "1-0"]
[ECO "B90"]
[WhiteElo "2252"]
[BlackElo "2068"]
[Annotator "NA"]
[PlyCount "85"]
[EventDate "2018.10.27"]
[EventType "team-tourn"]
[EventCountry "DEN"]
[SourceTitle "playchess.com"]
[Source "ChessBase"]
[SourceQuality "1"]
[TimeControl "40/5400+30:1800+30"]

1. e4 c5 2. Nf3 d6 3. d4 cxd4 4. Nxd4 Nf6 5. Nc3 a6 6. Bc4 e6 7. O-O Nbd7 8. Bxe6 fxe6 9. Nxe6 Qa5 10. b4 Qe5 11. Nc7+ Kd8 12. Bb2 Kxc7 13. Nd5+ Nxd5 14. Bxe5 dxe5 15. exd5 Bxb4 16. Qg4 Bc5 17. Qxg7 Rf8 18. d6+ Bxd6 19. Rad1 Bc5 20. Rd5 b6 21. Rfd1 Rd8 22. Qxh7 Ra7 23. Rxe5 Bb7 24. Rf5 Bc6 25. Rf7 Kc8 26. h4 Rb7 27. h5 Nf8 28. Rxd8+ Kxd8 29. Rxb7 Nxh7 30. Rxh7 Be4 31. Ra7 Ke8 32. h6 Kf8 33. h7 Bd4 34. Rd7 Bh8 35. c3 Bg6 36. Rc7 Bg7 37. Rc8+ Be8 38. f4 b5 39. g4 a5 40. f5 Ke7 41. g5 Kd7 42. f6 Bh8 43. f7 1-0

[Event "DEN-chT XtraCon 2018-19"]
[Site "Denmark"]
[Date "2019.01.13"]
[Round "6"]
[White "Vasli, Aref"]
[Black "Haubro, Sigfred"]
[Result "1-0"]
[ECO "B01"]
[WhiteElo "2251"]
[BlackElo "2158"]
[Annotator "NA"]
[PlyCount "93"]
[EventDate "2018.10.27"]
[EventType "team-tourn"]
[EventCountry "DEN"]
[SourceTitle "playchess.com"]
[Source "ChessBase"]
[SourceQuality "1"]
[TimeControl "40/5400+30:1800+30"]

1. e4 d5 2. exd5 Qxd5 3. Nc3 Qa5 4. Nf3 Nf6 5. Be2 c6 6. O-O g6 7. Re1 Bg7 8. Bc4 e6 9. d4 O-O 10. Bd2 Qc7 11. Qc1 Nbd7 12. Bf4 Qd8 13. Bb3 b5 14. Bd6 Re8 15. a4 Nb6 16. Bc5 Bd7 17. a5 Nbd5 18. Ne5 Qc7 19. Nxd5 Nxd5 20. Re4 Rad8 21. c3 f6 22. Nxd7 Qxd7 23. Qd2 f5 24. Re2 e5 25. dxe5 Rxe5 26. Rxe5 Bxe5 27. Re1 Qc7 28. Qe3 Bxh2+ 29. Kh1 Bf4 30. Qe6+ Kg7 31. Bd4+ Kh6 32. g3 Bxg3 33. fxg3 Qxg3 34. Bxd5 Qh4+ 35. Kg2 Qg4+ 36. Kf1 Rxd5 37. Re2 Qh3+ 38. Kg1 Qg4+ 39. Rg2 Qd1+ 40. Kf2 Qd2+ 41. Kf3 Qd1+ 42. Qe2 Qh1 43. Qe3+ f4 44. Qxf4+ g5 45. Qf6+ Kh5 46. Qf7+ Kh6 47. Qg7+ 1-0

[Event "DEN-chT XtraCon 2018-19"]
[Site "Denmark"]
[Date "2019.01.13"]
[Round "6"]
[White "Ostergaard, Jens"]
[Black "Vinter-Schou, Uffe"]
[Result "0-1"]
[ECO "A61"]
[WhiteElo "2203"]
[BlackElo "2341"]
[Annotator "NA"]
[PlyCount "106"]
[EventDate "2018.10.27"]
[EventType "team-tourn"]
[EventCountry "DEN"]
[SourceTitle "playchess.com"]
[Source "ChessBase"]
[SourceQuality "1"]
[TimeControl "40/5400+30:1800+30"]

1. d4 Nf6 2. Nf3 e6 3. c4 c5 4. d5 d6 5. Nc3 exd5 6. cxd5 g6 7. h3 a6 8. a4 Qe7 9. Bg5 Bg7 10. e3 h6 11. Bh4 Nbd7 12. Be2 O-O 13. O-O Rb8 14. Nd2 g5 15. Bg3 Ne5 16. Re1 Ne8 17. Bf1 Bd7 18. a5 Nc7 19. f4 Ng6 20. Kh2 Nb5 21. Qc2 f5 22. Nc4 Rbd8 23. Nb6 Be8 24. Qb3 Nxc3 25. bxc3 h5 26. Bf2 Qf6 27. Rac1 h4 28. Nc4 Bb5 29. Nd2 Bxf1 30. Rxf1 gxf4 31. exf4 Nxf4 32. Qc4 Qg5 33. Rg1 Be5 34. Kh1 Nh5 35. Nf3 Qf4 36. Nxe5 Qxf2 37. Ng6 Ng3+ 38. Kh2 Ne4 39. Ne7+ Kh7 40. Rgf1 Qg3+ 41. Kg1 Qe5 42. Nxf5 Rxf5 43. Rxf5 Qxf5 44. Rf1 Qe5 45. Rf7+ Kg8 46. Rxb7 Rf8 47. Qd3 Qf4 48. Qe2 Ng3 49. Qe6+ Kh8 50. Rb1 Qf1+ 51. Kh2 Qxb1 52. Qh6+ Kg8 53. Qg5+ Kf7 0-1

[Event "DEN-chT XtraCon 2018-19"]
[Site "Denmark"]
[Date "2019.01.13"]
[Round "6"]
[White "Hansen, Lars"]
[Black "Grubert, Christian"]
[Result "1/2-1/2"]
[ECO "B95"]
[WhiteElo "2198"]
[BlackElo "2165"]
[Annotator "NA"]
[PlyCount "52"]
[EventDate "2018.10.27"]
[EventType "team-tourn"]
[EventCountry "DEN"]
[SourceTitle "playchess.com"]
[Source "ChessBase"]
[SourceQuality "1"]
[TimeControl "40/5400+30:1800+30"]

1. d4 g6 2. e4 Bg7 3. Nc3 d6 4. Be3 Nf6 5. Qd2 O-O 6. f3 Nbd7 7. Bh6 e5 8. dxe5 Nxe4 9. Nxe4 Qh4+ 10. g3 Qxh6 11. Qxh6 Bxh6 12. exd6 f5 13. Bc4+ Kh8 14. Nc3 cxd6 15. f4 Nb6 16. Bb3 Bd7 17. O-O-O Bc6 18. Nd5 Rae8 19. Nf3 Bg7 20. Rhf1 Bb5 21. Rfe1 Be2 22. Ng5 h6 23. Rd2 Bg4 24. Nf7+ Kh7 25. Rxe8 Rxe8 26. c3 Re1+ 1/2-1/2

[Event "DEN-chT XtraCon 2018-19"]
[Site "Denmark"]
[Date "2019.01.13"]
[Round "6"]
[White "Vesterli, Michael E."]
[Black "Laursen, Niels Norskov"]
[Result "1-0"]
[ECO "E94"]
[WhiteElo "2167"]
[BlackElo "2276"]
[Annotator "NA"]
[PlyCount "75"]
[EventDate "2018.10.27"]
[EventType "team-tourn"]
[EventCountry "DEN"]
[SourceTitle "playchess.com"]
[Source "ChessBase"]
[SourceQuality "1"]
[TimeControl "40/5400+30:1800+30"]

1. d4 d6 2. c4 g6 3. Nc3 Bg7 4. e4 Nf6 5. Nf3 O-O 6. Be2 e5 7. O-O Na6 8. Re1 c6 9. Rb1 exd4 10. Nxd4 Re8 11. Bf1 Qb6 12. Na4 Qc7 13. f3 d5 14. cxd5 cxd5 15. Nb5 Qb8 16. g3 Bd7 17. Bf4 Qd8 18. Nd6 Bxa4 19. Qxa4 Re6 20. e5 Nh5 21. Be3 Rxe5 22. Nxb7 Qe7 23. Bf2 Nc7 24. Na5 Ne6 25. Nc6 Qd7 26. Rxe5 Bxe5 27. Bb5 Bd6 28. Nb4 Qe7 29. Nxd5 Qg5 30. Qe4 Rb8 31. Bc4 Nxg3 32. hxg3 Bxg3 33. Ne3 Nf4 34. Ng4 Bxf2+ 35. Kxf2 Rd8 36. Rd1 Qc5+ 37. Qe3 Nh3+ 38. Kg2 1-0

[Event "DEN-chT XtraCon 2018-19"]
[Site "Denmark"]
[Date "2019.01.13"]
[Round "6"]
[White "Brorsen, Jacob Abildlund"]
[Black "Skousen, Nikolai"]
[Result "1/2-1/2"]
[ECO "B36"]
[WhiteElo "2132"]
[BlackElo "2227"]
[Annotator "NA"]
[PlyCount "93"]
[EventDate "2018.10.27"]
[EventType "team-tourn"]
[EventCountry "DEN"]
[SourceTitle "playchess.com"]
[Source "ChessBase"]
[SourceQuality "1"]
[TimeControl "40/5400+30:1800+30"]

1. e4 c5 2. Nf3 Nc6 3. d4 cxd4 4. Nxd4 g6 5. c4 Nf6 6. Nc3 d6 7. Be2 Nxd4 8. Qxd4 Bg7 9. O-O O-O 10. Bg5 h6 11. Bd2 Ng4 12. Qd3 Ne5 13. Qg3 g5 14. Kh1 Ng6 15. Rad1 Qb6 16. b3 Be6 17. Nb5 a6 18. Nc3 Qd4 19. Qd3 Rfc8 20. Rc1 Qxd3 21. Bxd3 Rc6 22. Nd5 Rac8 23. Be3 Kf8 24. Kg1 Ne5 25. Be2 Ng4 26. Bxg4 Bxg4 27. f4 gxf4 28. Rxf4 Be6 29. Rcf1 b5 30. Nb4 bxc4 31. Nxc6 Rxc6 32. bxc4 Rxc4 33. Rb1 Kg8 34. Rb8+ Kh7 35. Ra8 Ra4 36. e5 Rxa2 37. exd6 exd6 38. Rd8 d5 39. g3 Ra1+ 40. Kf2 Ra2+ 41. Kg1 Ra1+ 42. Kg2 Ra2+ 43. Rf2 Ra3 44. Bc5 Ra5 45. Be3 Ra3 46. Bc5 Ra5 47. Be3 1/2-1/2

[Event "DEN-chT XtraCon 2018-19"]
[Site "Denmark"]
[Date "2019.01.13"]
[Round "6"]
[White "Svenninggaard, Thomas"]
[Black "Ochsner, Thomas"]
[Result "1/2-1/2"]
[ECO "C77"]
[WhiteElo "2131"]
[BlackElo "2289"]
[Annotator "NA"]
[PlyCount "95"]
[EventDate "2018.10.27"]
[EventType "team-tourn"]
[EventCountry "DEN"]
[SourceTitle "playchess.com"]
[Source "ChessBase"]
[SourceQuality "1"]
[TimeControl "40/5400+30:1800+30"]

1. e4 e5 2. Nf3 Nc6 3. Bb5 a6 4. Ba4 Nf6 5. d3 d6 6. h3 b5 7. Bb3 Na5 8. Bg5 Be7 9. O-O O-O 10. Nbd2 h6 11. Bxf6 Bxf6 12. Re1 Bb7 13. Nf1 Nxb3 14. axb3 g6 15. c4 Bg7 16. Qd2 c6 17. Ng3 Qb6 18. h4 Bc8 19. h5 Be6 20. Qa5 Qxa5 21. Rxa5 Rfb8 22. hxg6 fxg6 23. Rea1 bxc4 24. bxc4 Bc8 25. c5 dxc5 26. Rxc5 Rxb2 27. Rxc6 a5 28. Rxg6 Kf7 29. Rc6 Bd7 30. Rc7 Ke8 31. Nh5 Bh8 32. Ra3 a4 33. Nh4 Kd8 34. Rc4 Be8 35. g4 Rc8 36. Rxc8+ Kxc8 37. Nf5 Kc7 38. Ne3 Rb3 39. Nc4 Rxa3 40. Nxa3 Kc6 41. Kf1 Kc5 42. Nc2 Bxh5 43. gxh5 Bf6 44. Ke2 Bg5 45. d4+ exd4 46. Kd3 Bc1 47. Nxd4 Bb2 48. Nc2 1/2-1/2

[Event "DEN-chT XtraCon 2018-19"]
[Site "Denmark"]
[Date "2019.01.13"]
[Round "6"]
[White "Ejsing, Esben"]
[Black "Pedersen, Nicolai Kvist Brond"]
[Result "1/2-1/2"]
[ECO "A05"]
[WhiteElo "2127"]
[BlackElo "2262"]
[Annotator "NA"]
[PlyCount "98"]
[EventDate "2018.10.27"]
[EventType "team-tourn"]
[EventCountry "DEN"]
[SourceTitle "playchess.com"]
[Source "ChessBase"]
[SourceQuality "1"]
[TimeControl "40/5400+30:1800+30"]

1. Nf3 Nf6 2. g3 b5 3. Bg2 Bb7 4. O-O e6 5. d3 Be7 6. e4 d6 7. b3 c5 8. Bb2 O-O 9. Nbd2 Nc6 10. c4 a6 11. h4 Qc7 12. Bh3 Rfd8 13. Qe2 Nd7 14. Rac1 Bf6 15. Bxf6 Nxf6 16. Nb1 bxc4 17. bxc4 Rab8 18. Nc3 Ba8 19. h5 Nxh5 20. Qe3 Nf6 21. g4 Ne7 22. g5 Nd7 23. Nh2 Re8 24. f4 d5 25. cxd5 exd5 26. Na4 dxe4 27. Bxd7 Qxd7 28. Nxc5 Qa7 29. dxe4 Rbc8 30. Qf2 Ng6 31. f5 Ne5 32. Rfd1 Red8 33. Rxd8+ Rxd8 34. Nf3 Nxf3+ 35. Qxf3 Rc8 36. Qe3 Qe7 37. Nxa6 Rxc1+ 38. Qxc1 Bxe4 39. Qc8+ Qf8 40. Qxf8+ Kxf8 41. f6 gxf6 42. gxf6 Ke8 43. Nc5 Bc6 44. Kf2 Kd8 45. Ke3 Kc7 46. Ne6+ Kd6 47. Ng5 Ke5 48. Nxf7+ Kxf6 49. Nd6 Ba4 1/2-1/2

[Event "DEN-chT XtraCon 2018-19"]
[Site "Denmark"]
[Date "2019.01.13"]
[Round "6"]
[White "Wilbrandt, Simon Pil"]
[Black "Ramsdal, Jens Albert"]
[Result "0-1"]
[ECO "E71"]
[WhiteElo "2117"]
[BlackElo "2251"]
[Annotator "NA"]
[PlyCount "94"]
[EventDate "2018.10.27"]
[EventType "team-tourn"]
[EventCountry "DEN"]
[SourceTitle "playchess.com"]
[Source "ChessBase"]
[SourceQuality "1"]
[TimeControl "40/5400+30:1800+30"]

1. d4 Nf6 2. c4 g6 3. Nc3 Bg7 4. e4 d6 5. h3 O-O 6. Be3 c5 7. dxc5 dxc5 8. Qxd8 Rxd8 9. Bxc5 Nc6 10. Nf3 b6 11. Be3 Bb7 12. Nd2 Nd4 13. O-O-O Nd7 14. Nb3 Nxb3+ 15. axb3 Bxc3 16. bxc3 Bxe4 17. f3 Bf5 18. g4 Be6 19. f4 Nc5 20. Rxd8+ Rxd8 21. Bxc5 bxc5 22. Be2 Bc8 23. Rd1 Rxd1+ 24. Kxd1 Bb7 25. b4 Kg7 26. Kd2 Kf6 27. Ke3 g5 28. Bf3 Bc8 29. Bd5 e6 30. Be4 h6 31. Ba8 Ke7 32. Ke4 Kd6 33. Ke3 f6 34. Bf3 Ba6 35. Be2 Bb7 36. Bf3 Kc7 37. Bxb7 Kxb7 38. Ke4 gxf4 39. Kxf4 a5 40. bxa5 Ka6 41. h4 Kxa5 42. g5 hxg5+ 43. hxg5 fxg5+ 44. Kxg5 Ka4 45. Kf6 Kb3 46. Kxe6 Kxc3 47. Kd5 Kb4 0-1

[Event "DEN-chT XtraCon 2018-19"]
[Site "Denmark"]
[Date "2019.01.13"]
[Round "6"]
[White "Pedersen, Lars"]
[Black "Percivaldi, Martin"]
[Result "0-1"]
[ECO "D21"]
[WhiteElo "2082"]
[BlackElo "2395"]
[Annotator "NA"]
[PlyCount "80"]
[EventDate "2018.10.27"]
[EventType "team-tourn"]
[EventCountry "DEN"]
[SourceTitle "playchess.com"]
[Source "ChessBase"]
[SourceQuality "1"]
[TimeControl "40/5400+30:1800+30"]

1. d4 d5 2. c4 dxc4 3. Nf3 a6 4. Nc3 b5 5. a4 b4 6. Nb1 Bb7 7. e3 Nf6 8. Bxc4 e6 9. O-O Nbd7 10. Qe2 Be7 11. Nbd2 c5 12. e4 cxd4 13. e5 Nd5 14. Ne4 Nc5 15. Nxc5 Bxc5 16. Bg5 Be7 17. Bd2 O-O 18. Bd3 Nb6 19. h4 Qd5 20. a5 Nd7 21. Rfe1 Rfc8 22. Qf1 Nc5 23. Bc4 Qd8 24. Bxb4 Bxh4 25. Nxh4 Qxh4 26. f3 d3 27. Bxc5 Rxc5 28. Bxd3 Rxe5 29. Rxe5 Qd4+ 30. Qf2 Qxe5 31. Qb6 Rb8 32. Rc1 g6 33. Rc7 Rd8 34. Qxb7 Qe3+ 35. Kh2 Qf4+ 36. Kg1 Rxd3 37. Qc8+ Kg7 38. Rc1 Qd4+ 39. Kh2 Qe5+ 40. Kg1 Qxb2 0-1

[Event "DEN-chT XtraCon 2018-19"]
[Site "Denmark"]
[Date "2019.03.16"]
[Round "8"]
[White "Papp, Gabor"]
[Black "Buhl Bjerre, Jonas"]
[Result "*"]
[ECO "B53"]
[WhiteElo "2599"]
[BlackElo "2463"]
[Annotator "ChessBase"]
[PlyCount "79"]
[EventDate "2018.10.27"]
[EventType "team-tourn"]
[EventCountry "DEN"]
[SourceTitle "playchess.com"]
[Source "ChessBase"]
[SourceQuality "1"]
[TimeControl "40/5400+30:1800+30"]

1. e4 c5 2. Nf3 d6 3. d4 cxd4 4. Qxd4 Nc6 5. Bb5 Bd7 6. Qd3 Nf6 7. c4 g6 8. Nc3 Bg7 9. h3 O-O 10. O-O a6 11. Bxc6 Bxc6 12. Nd4 Nd7 13. Be3 Rc8 14. Qd2 Nc5 15. f3 Bd7 16. Rac1 Na4 17. Nxa4 Bxa4 18. b3 Bd7 19. a4 b6 20. Rfd1 Qc7 21. Ne2 f5 22. exf5 Rxf5 23. Nf4 Qb7 24. Nd5 Bc6 25. Nxb6 Rcf8 26. Rf1 a5 27. c5 d5 28. Rcd1 Qc7 29. f4 g5 30. fxg5 Rxf1+ 31. Rxf1 Rxf1+ 32. Kxf1 Qe5 33. Kg1 Qe4 34. Bf2 d4 35. Bg3 d3 36. Nc8 Bc3 37. Nxe7+ Kf7 38. g6+ hxg6 39. Qf2+ Kxe7 40. Bd6+ *

[Event "DEN-chT XtraCon 2018-19"]
[Site "Denmark"]
[Date "2019.03.16"]
[Round "8"]
[White "Hansen, Lars Bo"]
[Black "Manosri Jacobsen, Mikkel"]
[Result "0-1"]
[ECO "A45"]
[WhiteElo "2560"]
[BlackElo "2285"]
[Annotator "ChessBase"]
[PlyCount "80"]
[EventDate "2018.10.27"]
[EventType "team-tourn"]
[EventCountry "DEN"]
[SourceTitle "playchess.com"]
[Source "ChessBase"]
[SourceQuality "1"]
[TimeControl "40/5400+30:1800+30"]

1. d4 Nf6 2. Bg5 c5 3. d5 Ne4 4. Bf4 Qb6 5. Bc1 e6 6. f3 Nf6 7. e4 d6 8. Na3 Qd8 9. Nc4 Na6 10. Ne2 exd5 11. exd5 Nc7 12. Ne3 g6 13. Ng3 Bh6 14. c4 O-O 15. Bd3 Re8 16. Kf2 b5 17. b3 Bf4 18. Rb1 h5 19. Qc2 Bxe3+ 20. Bxe3 Ng4+ 21. fxg4 Qf6+ 22. Nf5 hxg4 23. Qb2 Qxb2+ 24. Rxb2 Bxf5 25. Bxf5 gxf5 26. Bf4 Red8 27. Re2 bxc4 28. bxc4 Rab8 29. Bg5 Rd7 30. h3 Kg7 31. Bd2 Rh8 32. h4 Ne8 33. Bc3+ Nf6 34. h5 Rh6 35. Kg3 Rd8 36. Re7 Rdh8 37. Rxa7 Rxh5 38. Re1 Rh3+ 39. gxh3 Rxh3+ 40. Kf4 Kg6 0-1

[Event "DEN-chT XtraCon 2018-19"]
[Site "Denmark"]
[Date "2019.03.16"]
[Round "8"]
[White "Vang Glud, Jakob"]
[Black "Hillarp Persson, Tiger"]
[Result "1/2-1/2"]
[ECO "A15"]
[WhiteElo "2551"]
[BlackElo "2558"]
[Annotator "ChessBase"]
[PlyCount "104"]
[EventDate "2018.10.27"]
[EventType "team-tourn"]
[EventCountry "DEN"]
[SourceTitle "playchess.com"]
[Source "ChessBase"]
[SourceQuality "1"]
[TimeControl "40/5400+30:1800+30"]

1. c4 Nf6 2. g3 g6 3. Bg2 Bg7 4. Nc3 O-O 5. Nf3 d6 6. O-O Nc6 7. d3 a6 8. a3 e5 9. Rb1 Re8 10. Nd2 Nd4 11. b4 c6 12. e3 Nf5 13. Nde4 Be6 14. Bb2 d5 15. cxd5 cxd5 16. Nc5 Bc8 17. e4 dxe4 18. N3xe4 Rb8 19. Re1 b6 20. Nxf6+ Bxf6 21. Ne4 Bg7 22. Qa4 Qd7 23. Qxd7 Bxd7 24. Nd2 f6 25. Bd5+ Be6 26. Bc4 Bxc4 27. Nxc4 Red8 28. Rbd1 Kf7 29. Kf1 Rb7 30. Ke2 h5 31. Ne3 Nxe3 32. fxe3 Rc7 33. Rc1 Rdc8 34. Rxc7+ Rxc7 35. Rc1 Rxc1 36. Bxc1 Bh6 37. Bb2 Ke6 38. a4 b5 39. axb5 axb5 40. Bc3 g5 41. h3 g4 42. hxg4 hxg4 43. e4 f5 44. Kf2 Bc1 45. Ke2 f4 46. Kf2 Be3+ 47. Kg2 Kd6 48. Be1 Ke7 49. Bc3 Ke6 50. Be1 Bd4 51. Bd2 f3+ 52. Kf1 Kf6 1/2-1/2

[Event "DEN-chT XtraCon 2018-19"]
[Site "Denmark"]
[Date "2019.03.16"]
[Round "8"]
[White "Brunello, Sabino"]
[Black "Pedersen, Nikcolai V."]
[Result "1/2-1/2"]
[ECO "A46"]
[WhiteElo "2538"]
[BlackElo "2384"]
[Annotator "ChessBase"]
[PlyCount "85"]
[EventDate "2018.10.27"]
[EventType "team-tourn"]
[EventCountry "DEN"]
[SourceTitle "playchess.com"]
[Source "ChessBase"]
[SourceQuality "1"]
[TimeControl "40/5400+30:1800+30"]

1. d4 Nf6 2. Nf3 e6 3. c4 Bb4+ 4. Bd2 c5 5. Bxb4 cxb4 6. e3 b6 7. a3 bxa3 8. b4 Qe7 9. Qb3 Bb7 10. Be2 Ne4 11. O-O O-O 12. Rxa3 Nc6 13. b5 Na5 14. Qa2 a6 15. bxa6 Bxa6 16. Nbd2 Nxd2 17. Nxd2 d5 18. Rb1 Rac8 19. Rxb6 Bxc4 20. Nxc4 Nxc4 21. Bxc4 Rxc4 22. g3 Qc7 23. Rb2 Rc1+ 24. Kg2 Qc4 25. Qxc4 Rxc4 26. Ra7 h5 27. Kf3 Kh7 28. h4 Kg6 29. Rd7 Kf6 30. Rb6 Kf5 31. Rbb7 Kf6 32. Kf4 Rcc8 33. f3 Rcd8 34. Rdc7 Rc8 35. e4 Rxc7 36. Rxc7 dxe4 37. fxe4 Ra8 38. Rc5 Ra4 39. Ke3 Ra3+ 40. Kf4 Rd3 41. Rxh5 Rxd4 42. g4 g6 43. Ra5 {[%emt 0:00:00] Ke5+} 1/2-1/2